 Dungeon Crawl Stone Soup version 0.30-a0-778-g2ef04afb54 (webtiles) character file.

Game seed: 3054732377008841502

302 cforsyth the Caller (level 6, -1/32 HPs)
             Began as a Tengu Summoner on Feb 16, 2023.
             Shot with an arrow by a centaur (11 damage)
             ... on level 5 of the Dungeon.
             The game lasted 00:08:19 (5344 turns).

cforsyth the Caller (Tengu Summoner)                Turns: 5344, Time: 00:08:20

Health: -1/32      AC:  3    Str:  8    XL:     6   Next: 37%
Magic:  3/13       EV: 14    Int: 17    God:
Gold:   292        SH:  0    Dex: 15    Spells: 0/13 levels left

rFire   . . .      SeeInvis .    (no weapon)
rCold   . . .      Faith    .    (no shield)
rNeg    . . .      Spirit   .    a - +0 robe
rPois   .          Reflect  .    (helmet restricted)
rElec   .          Harm     .    y - +0 cloak
rCorr   .          Rampage  .    (no gloves)
Will    .....                    (boots unavailable)
Stlth   ++                       (no amulet)
HPRegen 0.25/turn                (no ring)
MPRegen 0.13/turn                (no ring)

@: flying quickly and evasively, quick
A: beak, talons 3, nimble flight
a: no special abilities


You were on level 5 of the Dungeon.
You visited 1 branch of the dungeon, and saw 5 of its levels.

You collected 292 gold pieces.

Inventory:

Armour
 a - a +0 robe (worn)
 y - a +0 cloak (worn)
Jewellery
 u - a ring of fire
Scrolls
 c - 3 scrolls of teleportation
 e - a scroll of poison {unknown}
 h - a scroll of noise {unknown}
 j - a scroll of torment {unknown}
 k - a scroll of brand weapon {unknown}
 m - 3 scrolls of fog
 n - a scroll of immolation {unknown}
 q - a scroll of enchant armour {unknown}
 s - a scroll of silence {unknown}
 t - a scroll of blinking {unknown}
 x - 5 scrolls of identify {unknown}
Potions
 b - a potion of magic
 d - a potion of resistance {unknown}
 f - 4 potions of curing {unknown}
 g - 2 potions of flight {unknown}
 i - a potion of brilliance {unknown}
 l - a potion of heal wounds {unknown}
 o - a potion of lignification {unknown}
 p - a potion of haste {unknown}
 r - a potion of berserk rage {unknown}
 v - a potion of cancellation {unknown}
 w - 2 potions of attraction {unknown}
 z - a potion of degeneration {unknown}


   Skills:
 - Level 2.1 Dodging
 - Level 2.0 Stealth
 + Level 4.4 Spellcasting
 + Level 7.2 Summonings


You couldn't memorise any spells.
You knew the following spells:

 Your Spells              Type           Power      Damage    Failure   Level
a - Summon Small Mammal   Summ           100%       N/A       1%          1
b - Call Imp              Summ           28%        N/A       1%          2
c - Call Canine Familiar  Summ           28%        N/A       2%          3
d - Summon Guardian Gole  Hex/Summ       16%        N/A       11%         3
e - Summon Lightning Spi  Summ/Air       16%        N/A       34%         4

Your spell library contained the following spells:

 Spells                   Type           Power      Damage    Failure   Level
 Ensorcelled Hibernation  Hex/Ice        6%         N/A       22%         2
 Passwall                 Tmut/Erth      2%         N/A       22%         2
 Sublimation of Blood     Necr           3%         N/A       22%         2
 Wereblood                Tmut           3%         N/A       22%         2
 Dazzling Flash           Conj/Hex       6%         N/A       41%         3
 Ozocubu's Armour         Ice            3%         N/A       41%         3
 Swiftness                Air            3%         N/A       41%         3
 Iskenderun's Mystic Bla  Conj/Tloc      3%         2d3       83%         4
 Metabolic Englaciation   Hex/Ice        1%         N/A       99%         5
 Simulacrum               Ice/Necr       1%         N/A       100%        6
 Starburst                Conj/Fire      1%         6d3       100%        6
 Summon Hydra             Summ           14%        N/A       100%        7


Dungeon Overview and Level Annotations

Branches:
Dungeon (5/15)             Temple (0/1) D:4

Altars:
Cheibriados
Zin

Shops:
D:1 :   D:2 ?


Innate Abilities, Weirdness & Mutations

You have a beak for a mouth.
You have claws for feet.
Your magical nature lets you fly swiftly and evasively.


Message History

The centaur shoots an arrow.
The arrow closely misses your bat.
Your bat closely misses the centaur.
The centaur shoots an arrow.
The arrow closely misses your bat.
An arrow appears from out of your range of vision.
The arrow hits your bat!
Your bat dies!
Your bat's corpse disappears in a puff of smoke!
There is a stone staircase leading up here.
You start resting.
Magic restored.
You start resting.
HP restored.
A centaur is nearby!
Casting: Summon Small Mammal (safe; 1% risk of failure)
Confirm with . or Enter, or press ? or * to list all spells.
The spell is extremely dangerous to miscast (34% risk of failure)!
Continue anyway?
An electric hum fills the air.
The centaur shouts!
The centaur shoots an arrow.
The arrow hits you.
Unknown command.
The centaur shoots an arrow.
The arrow hits your lightning spire.
The centaur shoots an arrow.
The arrow completely misses your lightning spire.
The arrow hits you!
Casting: Summon Lightning Spire (extremely dangerous; 34% risk of failure)
Confirm with . or Enter, or press ? or * to list all spells.
The centaur shoots an arrow.
The arrow closely misses your hound. The arrow hits your lightning spire!
Your lightning spire is destroyed!
Your lightning spire disappears in a puff of smoke!
Casting: Call Canine Familiar (dangerous; 2% risk of failure)
Confirm with . or Enter, or press ? or * to list all spells.
A beastly little devil appears in a puff of flame.
The centaur shoots an arrow.
The arrow barely misses your hound. The arrow barely misses you.
The centaur shoots an arrow.
The arrow hits you!
Casting: Call Imp (safe; 1% risk of failure)
Confirm with . or Enter, or press ? or * to list all spells.
The centaur shoots an arrow.
The arrow completely misses your hound. The arrow hits you!
You die...

##....# ##..##
#<.# #..# ###
#..# ###..##..#
###..[..#..#
........5.##
........@.##
#c..h......#
.........b.##
............#
#............#
#............###
#.............>#
#.............##
#..............#


You could see a centaur (ally target), a friendly hound (summoned), a friendly
crimson imp (summoned) and a friendly bat (summoned).

Vanquished Creatures
  A dart slug (D:1)
  2 hobgoblins (D:1)
  A quokka (D:2)
  2 kobolds (D:1)
  2 rats (D:1)
8 creatures vanquished.

Vanquished Creatures (collateral kills)
  A gnoll bouda (D:4)
  3 gnolls (D:4)
  8 adders
  2 worms
  A dart slug (D:3)
  4 orcs
  6 ball pythons
  8 bats
  6 endoplasms
  2 giant cockroaches
  10 hobgoblins
  7 quokkas
  5 kobolds
  3 rats
66 creatures vanquished.

Vanquished Creatures (others)
  A black bear (D:4)
1 creature vanquished.

Grand Total: 75 creatures vanquished

Notes
Turn   | Place    | Note
-------+----------+-------------------------------------------
     0 | D:1      | cforsyth the Tengu Summoner began the quest for the Orb.
     0 | D:1      | Reached XP level 1. HP: 10/10 MP: 4/4
   217 | D:1      | Reached skill level 5 in Summonings
   300 | D:1      | Reached XP level 2. HP: 9/15 MP: 1/6
   303 | D:1      | Learned a level 2 spell: Call Imp
   555 | D:1      | Found Raczyrchu's Book Emporium.
   872 | D:1      | Reached XP level 3. HP: 17/19 MP: 2/7
   876 | D:1      | Learned a level 3 spell: Call Canine Familiar
   929 | D:1      | Found a faded altar of an unknown god.
  2502 | D:2      | Found Toleolan's Magic Scroll Shoppe.
  2536 | D:2      | Reached XP level 4. HP: 22/24 MP: 3/9
  2906 | D:3      | Found a glowing silver altar of Zin.
  3180 | D:3      | Reached skill level 6 in Summonings
  3273 | D:3      | Found a snail-covered altar of Cheibriados.
  3947 | D:4      | Gained mutation: Your magical nature lets you fly swiftly
                  | and evasively. [Tengu growth]
  3947 | D:4      | Reached XP level 5. HP: 28/28 MP: 7/11
  3983 | D:4      | Learned a level 3 spell: Summon Guardian Golem
  3990 | D:4      | Found a staircase to the Ecumenical Temple.
  4154 | D:4      | Noticed a black bear
  4164 | D:4      | Killed a black bear
  4658 | D:4      | Reached XP level 6. HP: 32/32 MP: 13/13
  4663 | D:4      | Learned a level 4 spell: Summon Lightning Spire
  4677 | D:4      | Reached skill level 7 in Summonings
  4974 | D:5      | Entered Level 5 of the Dungeon
  5344 | D:5      | Shot with an arrow by a centaur

Illustrated notes

Levels and vault maps discovered:
D:1:      dpeg_arrival_lava_temple_mockup, layout_basic, serial_shops,
          nicolae_shop_competitors_out_of_business,
          hellmonk_ecumenical_altar_zigzags, minivault_5
D:2:      layout_loops_corners, serial_shops, nicolae_shop_hallway_stairs,
          minmay_increasing_density
D:3:      layout_basic, mainiacjoe_overflow_24_doors,
          mainiacjoe_overflow_brackets, wad_rectangle_vault
D:4:      layout_basic, minmay_temple_entry_offerings
D:5:      layout_cave_pods, mainiacjoe_overflow_large_starburst

Skill      XL: |  1  2  3  4  5  6 |
---------------+-------------------+-----
Summonings     | 5 6 7 |  7.2
Spellcasting   | 3 4 |  4.4
Dodging        | |  2.1
Stealth        | |  2.0

Action                     |  1- 3 |  4- 6 || total
---------------------------+-------+-------++-------
  Melee: Unarmed           |    27 |     7 ||    34
         Kick              |     7 |       ||     7
         Peck              |     5 |     2 ||     7
   Cast: Summon Small Mamm |    49 |    27 ||    76
         Call Imp          |    16 |    16 ||    32
         Call Canine Famil |     6 |    22 ||    28
         Summon Guardian G |       |     2 ||     2
         Summon Lightning  |       |     1 ||     1
    Use: Scroll            |       |     3 ||     3
 Armour: Robe              |    10 |     5 ||    15
  Dodge: Dodged            |    55 |    42 ||    97

Table legend: (Time is in decaauts)
 A = Elapsed time spent in this place.
 B = Non-inter-level travel time spent in this place.
 C = Inter-level travel time spent in this place.
 D = Time resting spent in this place.
 E = Time spent auto-exploring this place.
 F = Levels seen in this place.
 G = Mean time per level.
                   A        B        C        D        E       F      G
               +--------+--------+--------+--------+--------+-----+--------+
         Total |   5272 |   5128 |    144 |    163 |   4046 |   5 | 1054.4 |
       Dungeon |   5272 |   5128 |    144 |    163 |   4046 |   5 | 1054.4 |
               +--------+--------+--------+--------+--------+-----+--------+

Top non-repeatable levels by time:
     D:1: 1423 daAuts
     D:2: 1405 daAuts
     D:3: 1168 daAuts
     D:4: 924 daAuts
     D:5: 351 daAuts
